cohdb
Replays
Latest Replays
All Replays
Popular Replays
Top Player Replays
Match Explorer
How It Works
Community
CoH3 Stats
Reddit
Sign in to upload your games and track your stats! →
Sign in with Steam
Match 44734709
Unlisted
Match 44734709
Overview
Messages
Build Orders
End
Construct Section Command Post
Dingo Light Scout Car
Dingo Light Scout Car
Infantry Section
Infantry Section
Construct Platoon Command Post
Infantry Training
Unlock Bishop Self-propelled Artillery
Bishop Self-propelled Artillery
Vickers Machine Gun Team
Construct Company Command Post
Grenade Package
Crusader II Medium Tank
Selects Heavy Armor Battlegroup
Selects Rigorous Vehicle Training
Selects Forward Repair Assembly
Foot Guards Section
Unlock M3 Grant Medium Tanks
M3 Grant Medium Tank
Selects Light Vehicle Withdraw and Refit
Jeremy
Luzinit24
JT
只出曲线
达拉姆第一开矿者卡尔大理石
24Kx
新年辞旧喜洋洋
Diter Rams
0
0
Comments
sign in to comment!
No comments posted yet!